 Dungeon Sprint DCSS version 0.20-a0-277-g7db01f4 (webtiles) character file.

1556 Havercy the Grappler (level 8, -5/87 HPs)
             Began as a Troll Fighter on Dec 13, 2016.
             Was a Follower of Ru.
             Slain by a 12-headed hydra (16 damage)
             ... in the Dungeon (Sprint IX: "|||||||||||||||||||||||||||||").
             The game lasted 00:01:44 (364 turns).

Havercy the Grappler (Troll Fighter)                 Turns: 364, Time: 00:01:45

Health: -5/87      AC:  7    Str: 30    XL:     8   Next: 58%
Magic:  7/7        EV: 20    Int:  4    God:    Ru [*.....]
Gold:   0          SH: 13    Dex: 19    Spells: 7/7 levels left

rFire  . . .     SeeInvis .       - Unarmed
rCold  . . .     Gourm    +     a - +0 robe
rNeg   . . .     Faith    .     b - +1 shield
rPois  .         Spirit   .     (helmet restricted)
rElec  .         Reflect  .     (no cloak)
rCorr  .         Harm     .     (gloves unavailable)
MR     .....     NoTele   +     (boots unavailable)
Stlth  +++.......               (no amulet)
                                p - +3 ring of dexterity
                                o - +2 ring of protection

@: mighty, agile, very slightly contaminated, hasted, very quick
A: unfitting armour, claws 3, fast metabolism 3, gourmand, regeneration 1,
shaggy fur 1, tough skin 2, inability to train armour
a: Renounce Religion


You were in the Dungeon.
You worshipped Ru.
Ru was aware of your devotion.
You were not hungry.

You visited 1 branch

Inventory:

Armour
 a - a +0 robe (worn)
 b - a +1 shield (worn)
Jewellery
 o - a +2 ring of protection (left claw)
 p - a +3 ring of dexterity (right claw)
Wands
 n - a wand of iceblast (7/15)
Scrolls
 j - 2 scrolls of blinking
 l - 3 scrolls of remove curse
 m - 2 scrolls of amnesia
 q - 2 scrolls of fog
 r - 3 scrolls of enchant armour
 s - 2 scrolls of fear
Potions
 c - a potion of might
 e - 6 potions of curing
 g - a potion of haste
 h - 4 potions of magic
 i - a potion of cure mutation
Comestibles
 d - a bread ration


   Skills:
 + Level 7.5 Fighting
 + Level 7.4 Dodging
 + Level 6.9 Shields
 * Level 13.0 Unarmed Combat


You had 7 spell levels left.
You didn't know any spells.

Dungeon Overview and Level Annotations

Branches:
Dungeon (1/1)

Altars:
Cheibriados
Dithmenos
Elyvilon
Fedhas
Gozag
Hepliaklqana
Kikubaaqudgha
Makhleb
Nemelex Xobeh
Okawaru
Qazlal
Ru
Sif Muna
Trog
Uskayaw
Vehumet
Xom
Yredelemnul
Zin
The Shining One
Beogh
Jiyva
Lugonu


Innate Abilities, Weirdness & Mutations

You are too large for most types of armour.
You have claws for hands.
Your metabolism is lightning-fast.
You like to eat raw meat.
Your natural rate of healing is unusually fast.
You are covered in fur. (AC +1)
You have very tough skin. (AC +2)
You cannot train Armour skill.


Message History

You are too injured to fight recklessly!
You are too injured to fight recklessly!
You are too injured to fight recklessly!
Unknown command.
You claw one of the 11-headed hydra's heads off!
The ten-headed hydra grows two more!
You mangle the 12-headed hydra!!
The 12-headed hydra is severely wounded.
Unknown command.
You barely miss the 12-headed hydra.
The 12-headed hydra is severely wounded.
The 12-headed hydra closely misses you. The 12-headed hydra misses you.
The 12-headed hydra barely misses you.
The 12-headed hydra bites you but does no damage. x2
You block the 12-headed hydra's attack. x2; The 12-headed hydra bites you.
* * * LOW HITPOINT WARNING * * *
The 12-headed hydra bites you!
* * * LOW HITPOINT WARNING * * *
The 12-headed hydra bites you but does no damage.
The 12-headed hydra bites you!
You die...

▓▓▓▓▓▓▓▓▓▓▓▓▓▓▓▓▓▓▓▓▓▓▓▓▓▓▓▓▓▓▓▓▓
____________________'.....'.....)
▓▓▓▓▓▓▓▓▓▓▓▓▓▓▓▓▓▓▓▓▓▓▓▓▓▓▓▓▓▓▓▓▓
.................................
▓▓▓▓▓▓▓▓▓▓▓▓▓▓▓▓▓▓▓▓▓▓▓▓▓▓▓▓▓▓▓▓▓
ltrHSSD@.....[(.....'...
▓▓▓▓▓▓▓▓▓▓▓▓▓▓▓▓▓▓▓▓▓▓▓▓


You could see a 12-headed hydra, a komodo dragon, a hippogriff, a black mamba, a
water moccasin, a crocodile and a porcupine.

Vanquished Creatures
  An unseen horror (D)
  A gargoyle (D)
  A kobold demonologist (D)
  A hippogriff (D)
  A necrophage (D)
  A howler monkey (D)
  A crimson imp (D)
  A jelly (D)
  2 worker ants (D)
  An adder (D)
  2 shadow imps (D)
  An adder skeleton (D)
  An orc (D)
  A bat skeleton (D)
  2 goblins (D)
  A hobgoblin (D)
  A kobold (D)
  A bat (D)
21 creatures vanquished.

Vanquished Creatures (others)
  A jelly (D)
1 creature vanquished.

Grand Total: 22 creatures vanquished

Notes
Turn   | Place    | Note
-------+----------+-------------------------------------------
     0 | D        | Havercy the Troll Fighter began the quest for the Orb.
     0 | D        | Reached XP level 1. HP: 22/22 MP: 0/0
    22 | D        | Noticed a worker ant
    22 | D        | Noticed a crimson imp
    34 | D        | Killed a worker ant
    34 | D        | Reached skill level 3 in Unarmed Combat
    34 | D        | Reached XP level 2. HP: 14/31 MP: 1/1
    34 | D        | Reached XP level 3. HP: 17/37 MP: 2/2
    40 | D        | Reached skill level 4 in Unarmed Combat
    46 | D        | Reached XP level 4. HP: 24/48 MP: 3/3
    59 | D        | Found a roughly hewn altar of Beogh.
    59 | D        | Found a snail-covered altar of Cheibriados.
    59 | D        | Found a shadowy altar of Dithmenos.
    59 | D        | Found a white marble altar of Elyvilon.
    59 | D        | Found a blossoming altar of Fedhas.
    59 | D        | Found an opulent altar of Gozag.
    60 | D        | Found a hazy altar of Hepliaklqana.
    61 | D        | Found a viscous altar of Jiyva.
    62 | D        | Found an ancient bone altar of Kikubaaqudgha.
    63 | D        | Found a corrupted altar of Lugonu.
    64 | D        | Found a burning altar of Makhleb.
    65 | D        | Found a sparkling altar of Nemelex Xobeh.
    66 | D        | Found an iron altar of Okawaru.
    67 | D        | Found a stormy altar of Qazlal.
    68 | D        | Found a sacrificial altar of Ru.
    69 | D        | Found a deep blue altar of Sif Muna.
    70 | D        | Found a bloodstained altar of Trog.
    71 | D        | Found a hide-covered altar of Uskayaw.
    72 | D        | Found a radiant altar of Vehumet.
    73 | D        | Found a shimmering altar of Xom.
    74 | D        | Found a basalt altar of Yredelemnul.
    75 | D        | Found a glowing silver altar of Zin.
    76 | D        | Became a worshipper of Ru the Awakened
    77 | D        | Found a glowing golden altar of the Shining One.
   112 | D        | Killed an unseen horror
   112 | D        | Reached skill level 9 in Unarmed Combat
   112 | D        | Reached XP level 5. HP: 34/61 MP: 4/4
   112 | D        | Reached XP level 6. HP: 39/68 MP: 5/5
   112 | D        | Reached XP level 7. HP: 43/76 MP: 6/6
   114 | D        | Reached skill level 10 in Unarmed Combat
   202 | D        | Noticed a gargoyle
   202 | D        | Noticed a kobold demonologist
   202 | D        | Noticed a hippogriff
   212 | D        | Killed a hippogriff
   212 | D        | Reached skill level 11 in Unarmed Combat
   220 | D        | Killed a kobold demonologist
   220 | D        | Reached XP level 8. HP: 62/87 MP: 7/7
   222 | D        | Reached skill level 12 in Unarmed Combat
   237 | D        | Killed a gargoyle
   239 | D        | Reached skill level 13 in Unarmed Combat
   241 | D        | Gained mutation: You cannot train Armour skill. [Ru sacrifice]
   241 | D        | Reached * piety under Ru
   353 | D        | Noticed a hippogriff
   353 | D        | Noticed a black mamba
   353 | D        | Noticed a seven-headed hydra
   357 | D        | Noticed a komodo dragon
   364 | D        | Slain by a 12-headed hydra

Vault maps used:
D:        linesprint

Skill      XL: |  1  2  3  4  5  6  7  8 |
---------------+-------------------------+-----
Fighting       | 3 4 6 7 |  7.5
Dodging        | 3 4 6 7 |  7.4
Shields        | 3 6 |  6.9
Unarmed Combat | 3 4 9 11 13 | 13.0

Action                   |  1- 3 |  4- 6 |  7- 9 || total
-------------------------+-------+-------+-------++-------
Melee: Unarmed           |    35 |    12 |    49 ||    96
Invok: Sacrifice Durabil |       |       |     1 ||     1
  Use: Potion            |       |     1 |     7 ||     8
       Scroll            |       |       |     1 ||     1
 Stab: Invisible         |       |       |     3 ||     3
  Eat: Bread ration      |       |       |     1 ||     1
Armor: Robe              |    12 |     4 |    13 ||    29
Dodge: Dodged            |    15 |       |    43 ||    58
Block: Shield            |    17 |     2 |    31 ||    50
